 Dungeon Crawl Stone Soup version 0.29.1-1-gd02db6906a (webtiles) character file.

Game seed: 11204572209769819511

74 NullDivider the Sneak (level 4, 0/27 HPs)
             Began as an Octopode Hedge Wizard on Sept 22, 2022.
             Slain by an adder (4 damage)
             ... on level 3 of the Dungeon.
             The game lasted 00:08:06 (1675 turns).

NullDivider the Sneak (Octopode Hedge Wizard)       Turns: 1675, Time: 00:08:06

Health: 0/27       AC:  1    Str:  9    XL:     4   Next: 30%
Magic:  9/9        EV: 13    Int: 16    God:
Gold:   58         SH:  0    Dex: 13    Spells: 4/9 levels left

rFire   . . .      SeeInvis .   a - +0 dagger
rCold   . . .      Faith    .   (no shield)
rNeg    . . .      Spirit   .   b - +0 hat
rPois   .          Reflect  .   (no amulet)
rElec   .          Harm     .   (no ring)
rCorr   .          Rampage  .   (no ring)
Will    .....                   (no ring)
Stlth   +++.......              (no ring)
HPRegen 0.09/turn               (no ring)
MPRegen 0.11/turn               (no ring)
                                (no ring)
                                (no ring)

@: lethally poisoned (0 -> -12)
A: almost no armour, amphibious, 8 rings, camouflage 1, gelatinous body 1,
(nimble swimmer 1), tentacles
a: no special abilities


You were on level 3 of the Dungeon.
You visited 1 branch of the dungeon, and saw 3 of its levels.

You collected 91 gold pieces.
You spent 33 gold pieces at shops.

Inventory:

Hand Weapons
 a - a +0 dagger (weapon)
Armour
 b - a +0 hat (worn)
Scrolls
 g - a scroll of enchant weapon {unknown}
 h - a scroll of identify {unknown}
 k - a scroll of blinking {unknown}
 m - a scroll of amnesia {unknown}
Potions
 c - 2 potions of magic
 d - a potion of attraction {unknown}
 e - a potion of experience {unknown}
 f - 3 potions of curing
 i - 2 potions of brilliance {unknown}
 j - a potion of lignification {unknown}
 l - a potion of ambrosia {unknown}


   Skills:
 * Level 1.4 Short Blades
 + Level 2.2 Dodging
 * Level 3.7 Stealth
 * Level 3.3 Spellcasting
 + Level 1.4 Conjurations
 + Level 1.3 Summonings
 + Level 1.5 Translocations


You had 4 spell levels left.
You knew the following spells:

 Your Spells              Type           Power      Damage    Failure   Level
a - Magic Dart            Conj           28%        1d4       10%         1
b - Call Imp              Summ           7%         N/A       16%         2
c - Blink                 Tloc           14%        N/A       14%         2

Your spell library contained the following spells:

 Spells                   Type           Power      Damage    Failure   Level
 Slow                     Hex            8%         N/A       19%         1
 Conjure Flame            Conj/Fire      4%         6-21      38%         3
 Mephitic Cloud           Conj/Pois/Air  4%         N/A       41%         3


Dungeon Overview and Level Annotations

Branches:
Dungeon (2/15)

Altars:
Okawaru
Qazlal
Ru
Sif Muna
Uskayaw

Shops:
D:3 !


Innate Abilities, Weirdness & Mutations

You cannot wear most types of armour.
You are amphibious.
You can wear up to eight rings at the same time.
Your skin changes colour to match your surroundings (Stealth+).
Your rubbery body absorbs attacks. (AC +1, EV +1)
((You are camouflaged when in or above water. (Stealth+)))
You have tentacles for arms and can constrict up to eight enemies at once.


Message History

Items here: )) [ †.
Found a stone staircase leading down.
An adder comes into view.
The adder hisses angrily.
You hear an angry hiss.
An adder comes into view.
You hit the adder but do no damage. You grab the adder.
You constrict the adder. The adder closely misses you.
You hit the adder.
The adder is lightly wounded.
You constrict the adder. The adder bites you.
You are poisoned.
The adder poisons you!
You hit the adder but do no damage. Your grab misses the adder.
You constrict the adder.
You feel sick. The adder bites you. x2
You hit the adder. You squeeze the adder.
The adder is almost dead.
You constrict the adder.
You feel sick. The adder bites you. The adder barely misses you.
The adder bites you.
You are more poisoned.
The adder poisons you! The adder barely misses you.
You hit the adder.
You kill the adder!
You feel sick. The adder bites you.
You closely miss the adder. Your grab misses the adder.
You feel sick. The adder bites you.
You are lethally poisoned!
The adder poisons you!
You hit the adder. Your grab misses the adder.
The adder is moderately wounded.
* * * LOW HITPOINT WARNING * * *
You feel sick. The adder bites you.
* * * LOW HITPOINT WARNING * * *
You are more poisoned.
The adder poisons you!
You hit the adder but do no damage. Your grab misses the adder.
The adder is moderately wounded.
* * * LOW HITPOINT WARNING * * *
You feel very sick. The adder bites you.
You die...

# ##
#..#S######
#.†@..#.#
####.#..#
..#####.####
#..>.......#
##.#######.#
#.# #.# #.#
#.#


You could see an adder.

Vanquished Creatures
  2 adders
  2 dart slugs (D:1)
  2 orcs (D:3)
  A ball python (D:1)
  2 endoplasms
  5 hobgoblins
  4 jackals (D:1)
  6 kobolds
  A quokka (D:2)
  9 bats
  3 frilled lizards (D:1)
  7 rats (D:1)
44 creatures vanquished.

Vanquished Creatures (collateral kills)
  2 orcs (D:3)
2 creatures vanquished.

Grand Total: 46 creatures vanquished

Notes
Turn   | Place    | Note
-------+----------+-------------------------------------------
     0 | D:1      | NullDivider the Octopode Hedge Wizard began the quest for
                  | the Orb.
     0 | D:1      | Reached XP level 1. HP: 11/11 MP: 4/4
   307 | D:1      | Reached XP level 2. HP: 17/17 MP: 6/6
   673 | D:1      | Reached XP level 3. HP: 21/21 MP: 7/7
   695 | D:1      | Reached skill level 1 in Short Blades
  1023 | D:1      | Learned a level 2 spell: Call Imp
  1026 | D:1      | Learned a level 2 spell: Blink
  1358 | D:2      | You fall into a shaft and drop 1 floor!
  1358 | D:3      | Found a sacrificial altar of Ru.
  1364 | D:3      | Found an iron altar of Okawaru.
  1369 | D:3      | Found a hide-covered altar of Uskayaw.
  1371 | D:3      | Found a stormy altar of Qazlal.
  1378 | D:3      | Found a shimmering blue altar of Sif Muna.
  1416 | D:3      | Found Kiyschap's Distillery.
  1423 | D:3      | Bought a potion of curing for 33 gold pieces
  1531 | D:3      | Reached XP level 4. HP: 27/27 MP: 2/9
  1675 | D:3      | Slain by an adder

Illustrated notes

Levels and vault maps discovered:
D:1:      heliophobic_arrival_battle_scene, layout_basic, serial_bayou_lagoon_a
D:2:      layout_basic, basic_ecumenical_altar, serial_forest,
          infiniplex_forest_lined_ring, infiniplex_forest_clump_medium,
          infiniplex_forest_lined_corner, infiniplex_forest_lined_4_way,
          infiniplex_forest_clump_double, infiniplex_forest_end_3,
          infiniplex_forest_corner_2, infiniplex_forest_clump_diagonal
D:3:      minmay_angry_zag, layout_basic, nicolae_overflow_hallway_of_the_gods,
          serial_shops, shop_statue

Skill      XL: |  1  2  3 |
---------------+----------+-----
Stealth        | 3 |  3.7
Short Blades   | 1 |  1.4
Dodging        | |  2.2
Spellcasting   | |  3.3
Conjurations   | |  1.4
Summonings     | |  1.3
Translocations | |  1.5

Action                   |  1- 3 |  4- 6 || total
-------------------------+-------+-------++-------
Melee: Dagger            |    76 |    17 ||    93
       Constrict         |    22 |     3 ||    25
       Tentacles         |    15 |     4 ||    19
 Cast: Magic Dart        |    17 |       ||    17
       Call Imp          |     1 |       ||     1
 Stab: Sleeping          |    12 |       ||    12
Armor: Skin              |     8 |     1 ||     9
Dodge: Dodged            |    45 |     6 ||    51
